 Dungeon Crawl Stone Soup version 0.22-a0-247-gbddf880 (webtiles) character file.

36628 b5mith the Carver (level 13, -5/124 HPs)
             Began as a Minotaur Berserker on Feb 23, 2018.
             Was the Champion of Trog.
             Killed from afar by a shock serpent (15 damage)
             ... with a bolt of electricity
             ... on level 3 of the Snake Pit.
             The game lasted 00:47:49 (12329 turns).

b5mith the Carver (Minotaur Berserker)             Turns: 12329, Time: 00:47:49

Health: -5/124     AC: 26    Str: 24    XL:     13   Next: 54%
Magic:  12/12      EV: 18    Int:  6    God:    Trog [******]
Gold:   833        SH:  0    Dex: 19    Spells: 12/12 levels left

rFire    + . .     SeeInvis .   J - +4 great sword (freeze)
rCold    x . .     Gourm    .   (shield currently unavailable)
rNeg     . . .     Faith    .   Y - +7 chain mail "Luogepp" {Int+2}
rPois    .         Spirit   .   (helmet restricted)
rElec    .         Reflect  .   I - +0 cloak
rCorr    .         Harm     .   H - +2 pair of gloves
MR       .....                  s - +0 pair of boots
Stlth    ..........             B - amulet of regeneration
HPRegen  0.70/turn              m - +6 ring of dexterity
MPRegen  0.13/turn              W - ring of fire

@: about to teleport, flying, very slightly contaminated, slowed, very slow
A: retaliatory headbutt, horns 2
a: Berserk, Trog's Hand, Brothers in Arms, Renounce Religion


You were on level 3 of the Snake Pit.
You worshipped Trog.
Trog was exalted by your worship.
You were not hungry.

You visited 3 branches of the dungeon, and saw 16 of its levels.
You also visited: Ossuary.

You collected 833 gold pieces.

Inventory:

Hand Weapons
 J - a +4 great sword of freezing (weapon)
 K - a +0 antimagic rapier
 T - a +2 antimagic executioner's axe
 U - a +3 long sword of freezing
Missiles
 P - a tomahawk (quivered)
Armour
 s - a +0 pair of boots (worn)
 H - a +2 pair of gloves (worn)
 I - a +0 cloak (worn)
 Y - the +7 chain mail "Luogepp" (worn) {Int+2}
   (You found it on level 1 of the Lair of Beasts)

   It affects your intelligence (+2).
Jewellery
 m - a +6 ring of dexterity (left hand)
 w - an uncursed amulet of guardian spirit
 B - an amulet of regeneration (around neck)
 O - an uncursed ring of protection from fire
 W - a ring of fire (right hand)
Wands
 b - a wand of flame (22)
 d - a wand of random effects (52)
 f - a wand of clouds (5)
 l - a wand of acid (4)
 t - a wand of scattershot (4)
 L - a wand of iceblast (8)
 X - a wand of paralysis (11)
 Z - a wand of enslavement (10)
Scrolls
 a - a scroll of identify {@r1}
 e - 2 scrolls of enchant armour
 g - 12 scrolls of remove curse {@r2}
 h - a scroll of silence {unknown}
 i - 3 scrolls of immolation
 j - 7 scrolls of teleportation
 n - 2 scrolls of magic mapping
 o - 3 scrolls of fear
 p - 2 scrolls of noise
 q - 4 scrolls of enchant weapon
 r - a scroll of brand weapon {unknown}
 x - 3 scrolls of fog {unknown}
 y - 2 scrolls of blinking
 A - a scroll of torment {unknown}
 N - a scroll of summoning {unknown}
Potions
 k - a potion of degeneration {unknown}
 u - a potion of brilliance
 v - 4 potions of lignification
 z - 2 potions of flight
 C - 4 potions of curing {@q1}
 D - 4 potions of agility
 E - a potion of ambrosia {unknown}
 F - a potion of resistance {unknown}
 G - a potion of cancellation {unknown}
 M - a potion of heal wounds
 R - a potion of might {unknown}
 V - a potion of invisibility
Miscellaneous
 Q - a phial of floods (inert)
Comestibles
 c - 22 rations


   Skills:
 + Level 14.0 Fighting
 + Level 14.1 Long Blades
 + Level 13.8 Armour
 + Level 12.8 Dodging


You had 12 spell levels left.
You didn't know any spells.

Dungeon Overview and Level Annotations

Branches:
Dungeon (11/15)            Temple (0/1) D:4            Lair (2/6) D:11
  Snake (3/4) Lair:2          Orc (0/2) D:10
  Swamp: Lair:2-4    Shoals: Lair:2-4

Altars:
Cheibriados
Makhleb
Nemelex Xobeh
Ru
Trog
Uskayaw
Xom
Yredelemnul

Shops:
D:4 ?=[*:   D:5 :   D:9 [

Portals:
Ice
Cave: Lair:2


Innate Abilities, Weirdness & Mutations

You reflexively headbutt those who attack you in melee.
You have a pair of horns on your head.


Message History

Blink to where?
Press: ? - help, Dir - move target cursor, p - salamander mystic You are very lightly contaminated with residual magic.
As you read the scroll of blinking, it crumbles to dust.
You feel better.
The salamander is engulfed in noxious fumes.
The salamander shoots an arrow.
The arrow barely misses you.
You see here an arrow.
The salamander mystic gestures at something while chanting.
The salamander mystic is no longer covered in acid.
The naga spits poison at you. The splash of poison misses you.
The shock serpent shoots out a bolt of lightning at you!
The bolt of electricity hits you!
* * * LOW HITPOINT WARNING * * *
As you read the scroll of teleportation, it crumbles to dust.
You feel strangely unstable.
The shock serpent shoots out a bolt of lightning at you!
The bolt of electricity hits you!
You die...

##...##[>##............#####(N
##....##...............N†≈NN.
####.##.#..............N§NS#
#.............N....######
##.................#
##............S...##
##................#
##........N........
##..@...(.........
########........ #########


You could see a salamander mystic, a shock serpent and a naga.

Vanquished Creatures
  A nagaraja (Snake:3)
  The ghost of b5mith the Carver, a journeyman MiBe of Trog (D:11)
  2 naga warriors (Snake:1)
  2 anacondas
  A two-headed ogre (D:9)
  3 naga sharpshooters
  3 shock serpents (Snake:2)
  An unseen horror (D:11)
  The ghost of ultrashaft the Destroyer, a novice DEFE of Vehumet (D:9)
  A salamander mystic (Snake:2)
  A naga ritualist (Snake:1)
  2 mana vipers
  12 black mambas
  6 salamanders
  2 manticores (D:11)
  2 guardian serpents
  2 naga magi
  A spiny frog (Lair:2)
  2 komodo dragons
  2 trolls
  2 ice devils (Lair:2)
  5 blink frogs (Lair:1)
  2 hornets
  A wyvern (Lair:1)
  2 basilisks
  A wraith (D:4)
  Grum (Lair:1)
  A hungry ghost (D:10)
  A steam dragon (D:11)
  16 yaks
  Menkaure (D:5)
  19 nagas
  5 porcupines
  5 water moccasins
  7 orc warriors
  5 ice beasts
  2 sky beasts
  A necrophage (D:9)
  3 wolves (Lair:1)
  3 phantoms
  6 ogres
  2 centaurs
  9 crocodiles
  A big kobold (D:7)
  11 bullfrogs
  5 water moccasin zombies
  2 scorpions
  7 killer bees
  16 wights
  8 howler monkeys
  2 crimson imps
  A bullfrog zombie (D:5)
  A centaur zombie (D:5)
  A quasit (D:9)
  2 hounds
  9 orc wizards
  6 orc priests
  3 jellies
  2 centaur skeletons
  Natasha (D:3)
  6 iguanas
  Ijyb (D:3)
  16 worker ants
  2 killer bee zombies
  A big kobold zombie (Ossuary)
  A hound zombie (D:6)
  2 mummies (Ossuary)
  A howler monkey zombie (D:6)
  3 worker ant zombies
  13 adders
  2 shadow imps
  2 oozes
  3 adder skeletons
  2 adder zombies (Ossuary)
  2 worms (D:2)
  3 dart slugs
  5 leopard geckos
  61 orcs
  5 ball pythons
  3 bats
  2 giant cockroaches
  4 gnoll zombies (Ossuary)
  8 hobgoblins
  11 jackals
  11 kobolds
  5 quokkas
  3 frilled lizards
  11 goblins
  3 hobgoblin zombies (Ossuary)
  A jackal skeleton (D:4)
  5 kobold zombies (Ossuary)
  A leopard gecko skeleton (D:4)
  5 orc zombies (Ossuary)
  A quokka skeleton (D:7)
  8 rats
  A plant (Lair:1)
440 creatures vanquished.

Vanquished Creatures (others)
  A fungus (D:11)
  2 plants (D:11)
3 creatures vanquished.

Grand Total: 443 creatures vanquished

Notes
Turn   | Place    | Note
-------+----------+-------------------------------------------
     0 | D:1      | b5mith the Minotaur Berserker began the quest for the Orb.
     0 | D:1      | Reached XP level 1. HP: 19/19 MP: 0/0
    79 | D:1      | Reached XP level 2. HP: 9/27 MP: 1/1
   761 | D:2      | Reached ** piety under Trog
   788 | D:2      | Reached XP level 3. HP: 33/33 MP: 2/2
  1444 | D:3      | Reached XP level 4. HP: 41/41 MP: 3/3
  1497 | D:3      | Noticed Ijyb
  1509 | D:3      | HP: 1/41 [Ijyb/enchanted club (2)]
  1511 | D:3      | Killed Ijyb
  1521 | D:3      | HP: 1/41 [goblin/dagger (2)]
  1996 | D:3      | Noticed Natasha
  2002 | D:3      | Killed Natasha
  2002 | D:3      | Reached XP level 5. HP: 43/47 MP: 4/4
  2240 | D:4      | Found Raodum's General Store.
  2258 | D:4      | Found Puyt's Book Shoppe.
  2265 | D:4      | Noticed an ogre
  2276 | D:4      | Killed an ogre
  2276 | D:4      | Reached skill level 5 in Fighting
  2276 | D:4      | Reached skill level 5 in Long Blades
  2285 | D:4      | Noticed an ogre
  2292 | D:4      | Killed an ogre
  2292 | D:4      | Reached XP level 6. HP: 56/56 MP: 5/5
  2585 | D:4      | Found Beisei's Antique Armour Boutique.
  2622 | D:4      | Found a staircase to the Ecumenical Temple.
  2722 | D:4      | Found Xakeokao's Magic Scroll Shoppe.
  2750 | D:4      | Found Xoxuaxt's Jewellery Boutique.
  2785 | D:4      | Reached *** piety under Trog
  2902 | D:4      | Reached skill level 5 in Armour
  2902 | D:4      | Reached XP level 7. HP: 55/62 MP: 6/6
  2974 | D:4      | Noticed a hornet
  2980 | D:4      | Received a gift from Trog
  2982 | D:4      | Paralysed by a hornet for 2 turns
  2985 | D:4      | Killed a hornet
  2985 | D:4      | Reached skill level 5 in Dodging
  3328 | D:4      | Noticed a wraith
  3337 | D:4      | Killed a wraith
  3460 | D:5      | Entered Level 5 of the Dungeon
  3528 | D:5      | Reached XP level 8. HP: 61/71 MP: 4/7
  3695 | D:5      | Found a sand-covered staircase.
  3695 | D:5      | Found Zoqes's Book Shoppe.
  3741 | Ossuary  | Entered an ossuary
  3859 | Ossuary  | Reached **** piety under Trog
  4067 | D:5      | Noticed Menkaure
  4074 | D:5      | Killed Menkaure
  4166 | D:5      | Reached XP level 9. HP: 80/81 MP: 6/8
  5027 | D:7      | Found a bloodstained altar of Trog.
  5030 | D:7      | Found a basalt altar of Yredelemnul.
  5045 | D:7      | Found a sparkling altar of Nemelex Xobeh.
  5261 | D:7      | Found a burning altar of Makhleb.
  5263 | D:7      | Found a shimmering altar of Xom.
  5265 | D:7      | Found a hide-covered altar of Uskayaw.
  5514 | D:7      | Reached ***** piety under Trog
  5731 | D:7      | Found a sacrificial altar of Ru.
  6253 | D:8      | Reached XP level 10. HP: 91/91 MP: 9/9
  6478 | D:9      | Received a gift from Trog
  6641 | D:9      | Found Bemnaan's Armour Shoppe.
  6661 | D:9      | Noticed ultrashaft's ghost (novice DEFE)
  6669 | D:9      | Killed ultrashaft's ghost
  6669 | D:9      | Reached skill level 10 in Fighting
  6669 | D:9      | Reached skill level 10 in Long Blades
  6816 | D:9      | Noticed a two-headed ogre
  6826 | D:9      | Killed a two-headed ogre
  6851 | D:9      | Found a snail-covered altar of Cheibriados.
  6860 | D:9      | Reached skill level 10 in Armour
  7130 | D:10     | Entered Level 10 of the Dungeon
  7635 | D:10     | Reached XP level 11. HP: 98/101 MP: 10/10
  7761 | D:10     | Found a staircase to the Orcish Mines.
  8008 | D:11     | Noticed b5mith's ghost (journeyman MiBe)
  8024 | D:11     | Killed b5mith's ghost
  8116 | D:11     | Paralysed by a hornet for 3 turns
  8122 | D:11     | Reached skill level 10 in Dodging
  8282 | D:11     | Killed an unseen horror
  8401 | D:11     | Found a staircase to the Lair.
  8945 | Lair:1   | Entered Level 1 of the Lair of Beasts
  8978 | Lair:1   | Reached ****** piety under Trog
  9105 | Lair:1   | Noticed Grum
  9110 | Lair:1   | Received a gift from Trog
  9116 | Lair:1   | Killed Grum
  9272 | Lair:1   | Got a heavily runed chain mail
  9283 | Lair:1   | Identified the +7 chain mail "Luogepp" {Int+2} (You found it on level 1 of the Lair of Beasts)
  9505 | Lair:1   | Reached XP level 12. HP: 109/112 MP: 11/11
  9965 | Lair:2   | Received a gift from Trog
 10135 | Lair:2   | Found a staircase to the Snake Pit.
 10297 | Lair:2   | Found a frozen archway.
 10531 | Snake:1  | Entered Level 1 of the Snake Pit
 10543 | Snake:1  | Noticed a naga warrior
 10577 | Snake:1  | Killed a naga warrior
 10753 | Snake:1  | Noticed a naga warrior
 10766 | Snake:1  | Killed a naga warrior
 10777 | Snake:1  | Noticed an anaconda
 10792 | Snake:1  | Killed an anaconda
 11605 | Snake:2  | Reached XP level 13. HP: 122/122 MP: 12/12
 12144 | Snake:3  | Noticed a nagaraja
 12153 | Snake:3  | Killed a nagaraja
 12321 | Snake:3  | HP: 4/124 [salamander mystic/ancient spear {pierce} (5)]
 12329 | Snake:3  | Killed from afar by a shock serpent

Vault maps used:
D:1:      mushboom_english_gardens
D:3:      kennysheep_the_goblin_king, uniq_natasha
D:4:      minmay_temple_entry_large_hall, serial_shops, shop, shop, shop,
          nicolae_shop_trees, shop, first_ration, nzn_random_ring
D:5:      chequers_ossuary_entry_cave, serial_shops,
          nicolae_shop_temple_entry_statues_fountains,
          hangedman_abyss_or_decor_jellyfish_corner, uniq_menkaure
D:7:      grunt_temple_overflow_open, st_stairs_14,
          nicolae_ru_the_path_less_chosen
D:8:      grunt_pizzeria
D:9:      cheibriados_altar_1, special_room, serial_shops, kennysheep_mini_moat,
          minmay_door_square, hangedman_decor_opposing
D:10:     hiddenorc1_lemuel
D:11:     minmay_lair_entry_grove
Lair:1:   serial_bayou_shore_b, serial_bayou_shore_a, uniq_grum
Lair:2:   guppyfry_snake_entry_garden, portal_ice_cave_demonic_guard,
          serial_bayou_shore_b
Snake:1:  hangedman_corner_corridor
Snake:2:  uniq_aizul
Snake:3:  spider_trap, nrook_loot_triangle, nicolae_snake_squiggles,
          nicolae_snake_round_shape_thing, st_stairs_7
Ossuary:  ossuary_tomb_2

Skill      XL: |  1  2  3  4  5  6  7  8  9 10 11 12 13 |
---------------+----------------------------------------+-----
Fighting       | 4 5 6 7 9 10 12 13 14 | 14.0
Long Blades    | 4 5 6 7 9 10 12 13 14 | 14.1
Armour         | 3 4 5 6 7 8 10 11 13 | 13.8
Dodging        | 3 4 5 6 8 9 10 12 | 12.8

Action                   |  1- 3 |  4- 6 |  7- 9 | 10-12 | 13-15 || total
-------------------------+-------+-------+-------+-------+-------++-------
Melee: Falchion          |    92 |   114 |   349 |    66 |       ||   621
       Headbutt          |    21 |    31 |   113 |   148 |    25 ||   338
       Great sword       |       |       |       |   385 |    78 ||   463
       Rapier            |       |       |       |    38 |       ||    38
Throw: Tomahawk          |       |       |       |     9 |     6 ||    15
Invok: Berserk           |       |     1 |     2 |     6 |     2 ||    11
Evoke: Wand              |       |       |       |       |     2 ||     2
       Phial of floods   |       |       |       |       |     1 ||     1
  Use: Scroll            |     1 |     3 |     7 |     3 |     3 ||    17
       Potion            |       |     1 |     4 |     1 |     5 ||    11
  Eat: Chunk             |     2 |     6 |     6 |    15 |     1 ||    30
       Ration            |       |       |     2 |     3 |     1 ||     6
Armor: Animal skin       |     8 |       |       |       |       ||     8
       Ring mail         |     5 |    33 |    75 |   112 |       ||   225
       Chain mail        |       |       |       |    84 |    37 ||   121
Dodge: Dodged            |    52 |    70 |   204 |   448 |    98 ||   872
       Rpst.: Falchion   |    17 |    20 |    48 |    13 |       ||    98
       Great sword       |       |       |       |    86 |    17 ||   103

Table legend:
 A = Spawn XP
 B = Non-spawn XP
 C = Spawn XP percentage of total XP
 D = Spawn monster count
 E = Non-spawn monster count
 F = Spawn count percentage of total count
 G = Total turns spent on level
                    A         B        C        D         E        F      G
               +---------+---------+-------+---------+---------+-------+---------
         Total |       0 |   52327 |   0.0 |       0 |     439 |   0.0 | 12329
               +---------+---------+-------+---------+---------+-------+---------
           D:1 |       0 |      38 |   0.0 |       0 |      21 |   0.0 |   749
           D:2 |       0 |      50 |   0.0 |       0 |      16 |   0.0 |   691
           D:3 |       0 |     125 |   0.0 |       0 |      21 |   0.0 |   800
           D:4 |       0 |    1193 |   0.0 |       0 |      37 |   0.0 |  1220
           D:5 |       0 |    1002 |   0.0 |       0 |      17 |   0.0 |   626
           D:6 |       0 |     671 |   0.0 |       0 |      10 |   0.0 |   734
           D:7 |       0 |    1465 |   0.0 |       0 |      37 |   0.0 |   814
           D:8 |       0 |     807 |   0.0 |       0 |      15 |   0.0 |   582
           D:9 |       0 |    3424 |   0.0 |       0 |      49 |   0.0 |   732
          D:10 |       0 |    2468 |   0.0 |       0 |      49 |   0.0 |   951
          D:11 |       0 |    6460 |   0.0 |       0 |      44 |   0.0 |   864
        Lair:1 |       0 |    4241 |   0.0 |       0 |      23 |   0.0 |   916
        Lair:2 |       0 |    3417 |   0.0 |       0 |      18 |   0.0 |   670
       Snake:1 |       0 |   11593 |   0.0 |       0 |      28 |   0.0 |  1031
       Snake:2 |       0 |   11672 |   0.0 |       0 |      23 |   0.0 |   410
       Snake:3 |       0 |    3292 |   0.0 |       0 |       5 |   0.0 |   357
       Ossuary |       0 |     409 |   0.0 |       0 |      26 |   0.0 |   182
               +---------+---------+-------+---------+---------+-------+---------
